 Dungeon Crawl Stone Soup version 0.17.0-28-g6e173f8 (webtiles) character file.

356201 4thArraOfDagon the Slayer (level 20, -3/322 HPs)
             Began as a Minotaur Berserker on Nov 23, 2015.
             Was a Priest of Trog.
             Killed by divine providence
             ... invoked by a deep elf high priest
              (11 damage)
             ... on level 5 of the Vaults.
             The game lasted 01:41:13 (12322 turns).

4thArraOfDagon the Slayer (Minotaur Berserker)     Turns: 12322, Time: 01:41:13

Health: -3/322     AC: 55    Str: 28    XL:     20   Next: 62%
Magic:  45/45      EV:  8    Int: 21    God:    Trog [***...]
Gold:   576        SH:  0    Dex: 16    Spells: 0 memorised, 19 levels left

rFire  . . .     SeeInvis .     G - +1 battleaxe "Sizod" {elec, rN+++ Str+3 Dex-3}
rCold  . . .     Clarity  .     r - +11 crystal plate armour of Unambiguity {-Cast rElec MR+++ Int+2}
rNeg   + + +     SustAt   .     (shield currently unavailable)
rPois  +         Gourm    +     s - +3 hat of Pondering {ponderous, MR+ MP+10 Int+5}
rElec  +         Spirit   .     I - +0 cloak {rPois}
rCorr  .         Warding  .     k - +2 pair of gloves of the Hidden Places {rN+}
rMut   .         Stasis   .     z - +2 pair of boots
MR     +++++     NoCast   +     K - amulet "Varual" {Gourm rPois MP+9 Dex+4}
Stlth  ..........               u - +2 ring of dexterity
                                y - +5 ring of intelligence

@: berserking, regenerating, very quick, almost entirely resistant to hostile
enchantments, extremely unstealthy
A: retaliatory headbutt, horns 2, rough black scales 1, screaming 1, spit poison
1, weak 1, MP-powered wands
a: Spit Poison, Berserk, Trog's Hand, Burn Spellbooks, Renounce Religion
}: 4/15 runes: barnacled, silver, abyssal, gossamer


You were on level 5 of the Vaults.
You worshipped Trog.
Trog was most pleased with you.
You were very full.

You visited 7 branches of the dungeon, and saw 41 of its levels.
You visited the Abyss 1 time.
You also visited: Ossuary, Bailey, Ice Cave and Volcano.

You collected 1830 gold pieces.
You spent 1254 gold pieces at shops.

Inventory:

Hand Weapons
 G - the +1 battleaxe "Sizod" (weapon) {elec, rN+++ Str+3 Dex-3}
   (Trog gifted it to you on level 4 of the Orcish Mines)

   Occasionally, upon striking a foe, it will discharge some electrical energy
   and cause terrible harm.
   It affects your strength (+3).
   It affects your dexterity (-3).
   It renders you almost immune to negative energy.
Missiles
 p - 5 throwing nets (quivered)
Armour
 k - the +2 pair of gloves of the Hidden Places (worn) {rN+}
   (You bought it in a shop on level 4 of the Orcish Mines)

   It protects you from negative energy.
 l - the +1 buckler of Hide-and-Seek {rF+ rC+}
   (You acquired it on level 5 of the Vaults)

   It protects you from fire.
   It protects you from cold.
 r - the +11 crystal plate armour of Unambiguity (worn) {-Cast rElec MR+++ Int+2}
   (You found it in a bailey)

   It affects your intelligence (+2).
   It insulates you from electricity.
   It affects your resistance to hostile enchantments.
   It prevents spellcasting.
 s - the +3 hat of Pondering (worn) {ponderous, MR+ MP+10 Int+5}
   (You took it off Gastronok on level 1 of the Orcish Mines)

   It affects your intelligence (+5).
   It affects your resistance to hostile enchantments.
   It affects your magic capacity (+10).
 z - a +2 pair of boots (worn)
 I - a +0 cloak of poison resistance (worn)
 W - a +5 gold dragon armour
 X - the +0 pair of boots of Cimeel Gaynk {Int+4, unknown}
   (You found it on level 5 of the Vaults)

   It affects your intelligence (+4).
Jewellery
 u - a +2 ring of dexterity (right hand)
 y - a +5 ring of intelligence (left hand)
 K - the amulet "Varual" (around neck) {Gourm rPois MP+9 Dex+4}
   (You bought it in a shop on level 4 of the Orcish Mines)

   [amulet of the gourmand]

   It allows you to eat raw meat even when not hungry.
   It affects your dexterity (+4).
   It protects you from poison.
   It affects your magic capacity (+9).
 M - the amulet of Ydakaul {Ward rC- rN+ MR++ Dex+6}
   (You found it on level 1 of the Abyss)

   [amulet of warding]

   It may prevent the melee attacks of summoned creatures.
   It affects your dexterity (+6).
   It makes you vulnerable to cold.
   It protects you from negative energy.
   It affects your resistance to hostile enchantments.
Wands
 a - a wand of disintegration (17)
 h - a wand of disintegration (6)
 n - a wand of hasting (6)
 P - a wand of enslavement (4)
Scrolls
 f - a scroll of magic mapping
 t - 6 scrolls of remove curse
 w - 2 scrolls of blinking
 C - a scroll of identify
 H - 4 scrolls of fog
 J - 4 scrolls of teleportation
 Q - a scroll of silence
Potions
 b - 4 potions of magic
 e - a potion of haste
 g - a potion of heal wounds
 i - 7 potions of brilliance
 j - a potion of agility
 q - 3 potions of flight
 v - 4 potions of cancellation
 A - 8 potions of berserk rage
 B - 5 potions of curing
 D - a potion of resistance
 L - 2 potions of cure mutation
 R - 3 potions of lignification
 T - a potion of invisibility
 U - 4 potions of might
 Z - a potion of mutation
Books
 N - a book of the Earth

   Spells                             Type                      Level
   a - Leda's Liquefaction            Hexes/Earth                  4
   b - Bolt of Magma                  Conjuration/Fire/Earth       5
   c - Statue Form                    Transmutation/Earth          6
   d - Iron Shot                      Conjuration/Earth            6
   e - Shatter                        Earth                        9
   Trog disapproves of the use of such an item.
 Y - a book of Spatial Translocations

   Spells                             Type                      Level
   a - Apportation                    Translocation                1
   b - Blink                          Translocation                2
   c - Shroud of Golubria             Charms/Translocation         2
   d - Portal Projectile              Translocation                3
   e - Teleport Other                 Translocation                3
   f - Passage of Golubria            Translocation                4
   Trog disapproves of the use of such an item.
Miscellaneous
 d - a disc of storms
 E - a fan of gales (inert)
 F - a phial of floods (inert)
 V - a lamp of fire (inert)
Comestibles
 c - 11 bread rations
 m - 2 beef jerkies
 o - 9 meat rations
 x - 10 royal jellies
 O - 5 fruits


   Skills:
 * Level 26.7 Fighting
 - Level 20.2 Axes
 + Level 21.3 Armour
 - Level 2.1 Dodging
 - Level 10.0 Evocations


You had 19 spell levels left.
You didn't know any spells.

Dungeon Overview and Level Annotations

Branches:
Dungeon (15/15)              Lair (6/8) D:10         Shoals (4/4) Lair:4
 Spider (4/4) Lair:3          Orc (4/4) D:11            Elf (0/3) Orc:4
 Vaults (5/5) D:13         Depths (3/5) D:15
 Temple: D:4-7        Slime: Lair:6-8     Crypt: Vaults:2-3

Altars:
Ashenzari
Dithmenos
Elyvilon
Fedhas
Gozag
Kikubaaqudgha
Makhleb
Sif Muna
The Shining One
Beogh
Lugonu

Shops:
D:8 :   D:9 [   Orc:4 (%[=

Portals:
Abyss: Depths:2

Annotations:
D:6 Statics's ghost, novice DsMo


Innate Abilities, Weirdness & Mutations

You reflexively headbutt those who attack you in melee.
You have a pair of horns on your head.
You are partially covered in rough black scales (AC +4, Dex -1).
You occasionally shout uncontrollably at your foes.
You can spit weak poison.
You are weak. (Str -2)
You expend magic power (3 MP) to strengthen your wands.


Message History

The golden dragon tramples you but does no damage.
Unknown command.
You barely miss the golden dragon.
The golden dragon is moderately wounded.
Unknown command.
You slash the golden dragon!
The golden dragon is moderately wounded.
You slice the ironbrand convoker!!
The ironbrand convoker is moderately wounded.
The golden dragon bites you!!
* * * LOW HITPOINT WARNING * * *
The golden dragon claws you but does no damage.
The golden dragon tramples you.
* * * LOW HITPOINT WARNING * * *
You stumble backwards!
You closely miss the golden dragon.
The golden dragon is moderately wounded.
The deep elf high priest calls down the wrath of its god upon you.
Something smites you!
You die...

#....# ###
##...##....###ยงยง#
#)...)#......##.#
##....)##........#
###.......###......#
###........(.}########
.......#...........
##.)......)..####..
###....))}###
##@....## #pD...#
##)).## #e..# #...#
#...# ....# ....#
#####


You could see a golden dragon, a deep elf high priest and an ironbrand convoker.

Vanquished Creatures
  An ancient lich (Vaults:5)
  A juggernaut (Depths:3)
  2 golden dragons
  Jory (Vaults:4)
  3 tentacled monstrosities
  A lich (Abyss:1)
  4 titans
  2 quicksilver dragons
  8 tentacled starspawn
  A kraken (Shoals:4)
  Gastronok (Orc:1)
  2 sphinxes
  3 shadow dragons (Vaults:5)
  3 storm dragons
  4 tengu reavers
  Ilsuiw (Shoals:2)
  8 frost giants
  A daeva (D:15)
  4 fire giants
  5 ghost moths (Spider:4)
  2 deep elf sorcerers (Vaults:5)
  5 emperor scorpions
  8 vault wardens (Vaults:5)
  2 spriggan defenders
  3 ironheart preservers
  5 stone giants
  7 very ugly things
  Nessos (D:15)
  2 vampire knights (Depths:3)
  2 deep elf annihilators (Vaults:5)
  2 dire elephants (Abyss:3)
  6 ettins
  A merfolk javelineer (Shoals:4)
  A fire dragon (Vaults:4)
  9 merfolk impalers
  A green death (Abyss:1)
  A deep elf death mage (Vaults:5)
  6 yaktaur captains
  4 deep elf high priests (Vaults:5)
  26 vault guards
  2 great orbs of eyes
  2 rakshasas
  2 ogre magi
  Harold (Orc:1)
  2 hydras
  Erolcha (D:10)
  3 merfolk avatars (Shoals:4)
  An ice dragon (Depths:3)
  A queen ant (Spider:4)
  3 dancing weapons
  2 merfolk aquamancers (Shoals:3)
  7 deep troll earth magi
  6 centaur warriors
  4 deep troll shamans
  4 satyrs
  2 tengu warriors (Depths:3)
  2 spriggan berserkers
  3 thrashing horrors
  2 hell hogs
  Sonja (D:11)
  7 hell knights (Abyss:2)
  6 wretched stars
  A deep elf knight (Vaults:2)
  2 iron trolls (Depths:2)
  A spatial maelstrom (Abyss:1)
  8 skeletal warriors (D:15)
  7 sea snakes
  2 necromancers
  4 hill giants
  2 phantasmal warriors (Vaults:5)
  An anubis guard (shapeshifter) (Vaults:5)
  20 deep trolls
  5 ironbrand convokers
  5 griffons
  A wizard (D:15)
  7 orb spiders
  3 hornets (Spider:4)
  2 orc sorcerers
  15 harpies
  A deep elf conjurer (Vaults:2)
  A wolf spider (shapeshifter) (Vaults:5)
  A moth of wrath (Spider:2)
  12 wolf spiders
  4 manticores
  43 ugly things
  6 fauns (Shoals:2)
  3 water nymphs
  5 elephants
  3 worldbinders
  8 slime creatures
  A black mamba (Lair:5)
  4 cyclopes
  A rust devil (Abyss:1)
  A salamander (shapeshifter) (Vaults:4)
  3 orc knights
  A fire giant skeleton (Vaults:5)
  A centaur zombie (D:15)
  5 sirens
  3 smoke demons
  2 gargoyles
  A torpor snail (Spider:2)
  3 spiny frogs
  A vault sentinel (Vaults:5)
  2 molten gargoyles (Volcano)
  3 yaktaurs
  3 efreet
  7 demonic crawlers
  2 komodo dragons
  A deep elf priest (Vaults:5)
  A freezing wraith (Vaults:5)
  13 merfolk
  A hellwing (Abyss:1)
  A red devil (Abyss:1)
  2 ancient zymes
  6 trolls
  A queen bee (shapeshifter) (Depths:2)
  A wind drake (Shoals:4)
  A raiju (Abyss:1)
  13 jumping spiders
  10 blink frogs
  A boulder beetle (Vaults:4)
  A snapping turtle (shapeshifter) (Vaults:5)
  7 two-headed ogres
  4 snapping turtles
  A fire giant simulacrum (Abyss:1)
  18 redbacks
  16 trapdoor spiders
  A wraith (Abyss:1)
  19 large abominations
  A hungry ghost (D:11)
  2 fire bats (Abyss:1)
  A deep elf mage (Vaults:2)
  A wyvern (D:15)
  A shadow (D:12)
  10 yaks
  A human (shapeshifter) (Depths:2)
  6 water elementals
  5 hippogriffs
  5 tarantellas
  3 chaos spawn
  5 neqoxecs
  A deep elf fighter (Vaults:5)
  2 mottled dragons
  3 insubstantial wisps (Abyss:1)
  15 wolves
  6 soldier ants
  7 vampire mosquitoes
  3 wargs
  3 ice beasts
  A water moccasin (Lair:1)
  3 black bears
  5 porcupines
  5 wasps
  A sky beast (D:7)
  A phantom (D:11)
  10 starcursed masses
  An eye of draining (D:12)
  19 ogres
  19 orc warriors
  4 spiders
  9 centaurs
  3 boggarts (D:15)
  3 crocodiles
  9 giant frogs
  2 big kobolds
  An earth elemental (Abyss:1)
  A scorpion (D:7)
  9 small abominations
  10 wights
  2 electric eels
  A quasit (Abyss:1)
  14 killer bees
  2 crimson imps
  A lava snake (Volcano)
  17 orc priests
  2 human zombies
  A jelly (D:9)
  2 giant frog skeletons
  An iguana (Lair:3)
  18 worker ants
  2 hell rats (Lair:3)
  2 hounds (D:5)
  25 orc wizards
  8 adders
  28 river rats
  2 shadow imps
  16 white imps
  An ufetubus (Abyss:1)
  A giant gecko (D:8)
  108 orcs
  4 giant cockroaches
  4 goblins (D:7)
  3 hobgoblins
  5 quokkas
  4 bats
  6 jackals
  29 kobolds
  3 rats
  4 crawling corpses
  11 starspawn tentacles
  8 tentacles
1082 creatures vanquished.

Vanquished Creatures (collateral kills)
  An emperor scorpion (Spider:4)
  A very ugly thing (Vaults:5)
  A merfolk aquamancer (Shoals:4)
  2 ogre magi (Orc:4)
  2 merfolk avatars (Shoals:2)
  2 deep trolls (Orc:4)
  2 harpies (Shoals:2)
  2 hill giants
  A manticore (Shoals:2)
  A cyclops (Orc:4)
  3 trolls (Orc:4)
  3 two-headed ogres (Orc:4)
  A jumping spider (Spider:2)
  A trapdoor spider (Spider:4)
  A water elemental (Shoals:2)
  A hungry ghost (D:7)
  A spider (Spider:2)
  2 wasps (Spider:4)
  5 ogres (Orc:4)
  3 orc warriors (Volcano)
  2 centaurs (D:7)
  A worker ant (Spider:4)
  An orc (D:11)
  A giant gecko skeleton (D:7)
  A tentacle (Shoals:4)
42 creatures vanquished.

Vanquished Creatures (others)
  A tengu reaver (Vaults:4)
  A vault warden (Vaults:5)
  A yaktaur captain (Vaults:5)
  A deep elf high priest (Vaults:5)
  A deep elf knight (Vaults:2)
  A cyclops (D:15)
  A vault sentinel (Vaults:5)
  A chaos spawn (Abyss:3)
  A soldier ant (Spider:4)
  A water moccasin (shapeshifter) (Depths:3)
  An orc wizard (D:11)
  An ufetubus (Abyss:1)
  A fungus (Lair:5)
  6 plants (Shoals:2)
  14 starspawn tentacles
  116 starspawn tentacle segments
  22 tentacles
  1478 tentacle segments
1649 creatures vanquished.

Grand Total: 2773 creatures vanquished

Notes
Turn   | Place    | Note
--------------------------------------------------------------
     0 | D:1      | 4thArraOfDagon the Minotaur Berserker began the quest for the Orb.
     0 | D:1      | Reached XP level 1. HP: 19/19 MP: 0/0
    76 | D:2      | Reached skill level 4 in Axes
    76 | D:2      | Reached XP level 2. HP: 27/27 MP: 1/1
   119 | D:2      | iso bad weapons trog
   160 | D:4      | Reached XP level 3. HP: 33/33 MP: 2/2
   189 | D:5      | Entered Level 5 of the Dungeon
   196 | D:5      | Reached skill level 5 in Axes
   200 | D:5      | Reached ** piety under Trog
   225 | D:5      | Found an opulent altar of Gozag.
   307 | D:5      | Reached XP level 4. HP: 38/40 MP: 3/3
   312 | D:5      | Found a sand-covered staircase.
   332 | Ossuary  | Entered an ossuary
   362 | D:5      | Noticed a sky beast
   376 | D:6      | Noticed an orc warrior
   388 | D:6      | Noticed Statics's ghost (novice DsMo)
   495 | D:7      | Found a blossoming altar of Fedhas.
   497 | D:7      | Found an ancient bone altar of Kikubaaqudgha.
   511 | D:7      | Reached XP level 5. HP: 44/46 MP: 4/4
   523 | D:7      | Reached skill level 6 in Axes
   552 | D:7      | Noticed a sky beast
   555 | D:7      | Found a flagged portal.
   565 | D:7      | Killed a sky beast
   565 | D:7      | Reached skill level 7 in Axes
   565 | D:7      | Reached XP level 6. HP: 41/52 MP: 5/5
   574 | D:7      | Gained mutation: You are partially covered in rough black scales (AC +4, Dex -1). [mutagenic meat]
   575 | D:7      | Gained mutation: You are frail (-10% HP). [mutagenic meat]
   576 | D:7      | Lost mutation: You are frail (-10% HP). [mutagenic meat]
   597 | Bailey   | Entered a bailey
   710 | Bailey   | Noticed an orc knight
   731 | Bailey   | Killed an orc knight
   731 | Bailey   | Reached skill level 8 in Axes
   731 | Bailey   | Reached skill level 5 in Armour
   731 | Bailey   | Reached XP level 7. HP: 59/59 MP: 6/6
   786 | Bailey   | Found a burning altar of Makhleb.
   796 | Bailey   | Reached *** piety under Trog
   796 | Bailey   | Reached skill level 9 in Axes
   816 | Bailey   | Got a jewelled crystal plate armour
   827 | Bailey   | Identified the +11 crystal plate armour of Unambiguity {-Cast rElec MR+++ Int+2} (You found it in a bailey)
   859 | D:7      | Noticed a centaur
   862 | D:7      | Noticed a centaur
   863 | D:7      | Noticed a giant frog
   865 | D:7      | Killed a centaur
   868 | D:7      | Noticed a hill giant
   868 | D:7      | Killed a giant frog
   874 | D:7      | Noticed a hungry ghost
   876 | D:7      | Killed a centaur
   876 | D:7      | Reached XP level 8. HP: 66/66 MP: 7/7
   878 | D:7      | Killed a hill giant
   878 | D:7      | Reached skill level 10 in Axes
   887 | D:7      | Killed a hungry ghost
  1037 | D:8      | Reached skill level 11 in Axes
  1157 | D:9      | Found a shadowy altar of Dithmenos.
  1157 | D:9      | Found a white marble altar of Elyvilon.
  1157 | D:9      | Found a shattered altar of Ashenzari.
  1166 | D:9      | Reached XP level 9. HP: 71/71 MP: 8/8
  1226 | D:10     | Entered Level 10 of the Dungeon
  1230 | D:10     | Reached skill level 12 in Axes
  1242 | D:10     | Reached **** piety under Trog
  1352 | D:11     | Noticed a brown ugly thing
  1363 | D:11     | Killed a brown ugly thing
  1391 | D:10     | Noticed a hill giant
  1418 | D:10     | Killed a hill giant
  1418 | D:10     | Reached skill level 13 in Axes
  1479 | D:11     | Found a staircase to the Orcish Mines.
  1512 | Orc:1    | Entered Level 1 of the Orcish Mines
  1512 | Orc:1    | Found a frozen archway.
  1543 | IceCv    | Entered an ice cave
  1610 | Orc:2    | Reached skill level 10 in Armour
  1615 | Orc:2    | Reached XP level 10. HP: 47/78 MP: 9/9
  1652 | Orc:2    | Received a gift from Trog
  1656 | Orc:2    | Reached skill level 14 in Axes
  1745 | Orc:2    | Reached ***** piety under Trog
  1747 | Orc:2    | Found a dark tunnel.
  1797 | Volcano  | Entered a volcano
  1923 | Volcano  | Found a radiant altar of Vehumet.
  1923 | Volcano  | Noticed an orc sorcerer
  1934 | Volcano  | Killed an orc sorcerer
  2119 | Orc:3    | Noticed an orc knight
  2122 | Orc:3    | Reached skill level 15 in Axes
  2129 | Orc:3    | Killed an orc knight
  2129 | Orc:3    | Received a gift from Trog
  2348 | Orc:4    | Entered Level 4 of the Orcish Mines
  2413 | Orc:4    | Found a staircase to the Elven Halls.
  2468 | Orc:4    | Noticed a cyclops
  2482 | Orc:4    | Killed a cyclops
  2482 | Orc:4    | Reached XP level 11. HP: 54/84 MP: 10/10
  2502 | Orc:4    | Reached skill level 16 in Axes
  2510 | Orc:4    | Received a gift from Trog
  2511 | Orc:4    | Got a smoking battleaxe {god gift}
  2512 | Orc:4    | Identified the +1 battleaxe "Sizod" {elec, rN+++ Str+3 Dex-3} (Trog gifted it to you on level 4 of the Orcish Mines)
  2531 | Orc:4    | Found a roughly hewn altar of Beogh.
  2568 | Orc:4    | Noticed an orc sorcerer
  2572 | Orc:4    | Noticed a soul eater
  2575 | Orc:4    | Killed an orc sorcerer
  2642 | Orc:4    | Found Quridiso's Weapon Shoppe.
  2642 | Orc:4    | Noticed a cyclops
  2685 | Orc:4    | Killed a cyclops
  2714 | Orc:4    | Noticed a deep troll
  2715 | Orc:4    | Found Kenwesab's Food Emporium.
  2715 | Orc:4    | Noticed an ogre mage
  2719 | Orc:4    | Killed an ogre mage
  2719 | Orc:4    | Reached skill level 17 in Axes
  2720 | Orc:4    | Killed a deep troll
  2725 | Orc:4    | Noticed a hill giant
  2725 | Orc:4    | Noticed a deep troll
  2726 | Orc:4    | Noticed an ogre mage
  2727 | Orc:4    | Noticed a hill giant
  2728 | Orc:4    | Noticed a cyclops
  2729 | Orc:4    | Killed a deep troll
  2732 | Orc:4    | Killed a hill giant
  2733 | Orc:4    | Killed an ogre mage
  2735 | Orc:4    | Killed a hill giant
  2736 | Orc:4    | Reached skill level 18 in Axes
  2736 | Orc:4    | Received a gift from Trog
  2737 | Orc:4    | Found Jifomn's Armour Boutique.
  2740 | Orc:4    | Killed a cyclops
  2757 | Orc:4    | Found Opruorog's Jewellery Shoppe.
  2765 | Orc:4    | Bought the amulet "Varual" {Gourm rPois MP+9 Dex+4} for 843 gold pieces
  2775 | Orc:4    | Bought the +2 pair of gloves of the Hidden Places {rN+} for 411 gold pieces
  2877 | Orc:1    | Noticed Harold
  2900 | Orc:1    | Killed Harold
  2900 | Orc:1    | Reached XP level 12. HP: 84/91 MP: 11/11
  2925 | Orc:1    | Noticed Gastronok
  2958 | Orc:1    | Killed Gastronok
  2958 | Orc:1    | Reached skill level 19 in Axes
  3208 | D:11     | Noticed a gargoyle
  3218 | D:11     | Killed a gargoyle
  3258 | D:11     | Noticed Sonja
  3264 | D:11     | Noticed a white ugly thing
  3276 | D:11     | Killed a white ugly thing
  3293 | D:11     | Killed Sonja
  3583 | D:9      | Found a deep blue altar of Sif Muna.
  3626 | D:9      | Found Joaptith's Armour Boutique.
  3778 | D:8      | Reached skill level 20 in Axes
  3879 | D:8      | Found Tiaz's Book Shoppe.
  3941 | D:10     | Noticed Erolcha
  3949 | D:10     | Killed Erolcha
  3965 | D:10     | Found a burning altar of Makhleb.
  3970 | D:10     | Found a staircase to the Lair.
  3981 | Lair:1   | Entered Level 1 of the Lair of Beasts
  4097 | Lair:3   | Reached XP level 13. HP: 94/112 MP: 12/12
  4215 | Lair:5   | Reached skill level 10 in Fighting
  4222 | Lair:5   | Reached skill level 1 in Evocations
  4676 | Lair:3   | Identified a scroll of acquirement
  4751 | Lair:3   | Found a hole to the Spider Nest.
  4754 | Lair:3   | Reached XP level 14. HP: 101/124 MP: 15/15
  4779 | Spider:1 | Entered Level 1 of the Spider Nest
  4856 | Spider:1 | Got a scorched great mace
  4864 | Spider:1 | Identified the +7 great mace of Hawiump {speed, *Noise +Blink rN++} (You found it on level 1 of the Spider Nest)
  4936 | Spider:1 | Received a gift from Trog
  5045 | Spider:4 | Entered Level 4 of the Spider Nest
  5119 | Spider:4 | Killed a ghost moth
  5178 | Spider:4 | Killed a ghost moth
  5178 | Spider:4 | Reached skill level 5 in Evocations
  5198 | Spider:4 | Killed a ghost moth
  5242 | Spider:4 | Noticed an emperor scorpion
  5242 | Spider:4 | Noticed an emperor scorpion
  5243 | Spider:4 | Noticed an emperor scorpion
  5243 | Spider:4 | Noticed an emperor scorpion
  5251 | Spider:4 | Killed an emperor scorpion
  5264 | Spider:4 | Killed a ghost moth
  5272 | Spider:4 | Killed a ghost moth
  5272 | Spider:4 | Killed an emperor scorpion
  5444 | Spider:4 | Killed an emperor scorpion
  5450 | Spider:4 | Killed an emperor scorpion
  5450 | Spider:4 | Reached XP level 15. HP: 139/139 MP: 18/18
  5513 | Spider:4 | Got a gossamer rune of Zot
  5602 | Spider:2 | Noticed an emperor scorpion
  5606 | Spider:2 | Received a gift from Trog
  5606 | Spider:2 | Reached skill level 15 in Fighting
  5622 | Spider:2 | Killed an emperor scorpion
  5637 | Spider:2 | Noticed an emperor scorpion
  5657 | Spider:2 | Killed an emperor scorpion
  5857 | Lair:4   | ok...
  5872 | Lair:4   | Found a staircase to the Shoals.
  5888 | Shoals:1 | Entered Level 1 of the Shoals
  6036 | Shoals:2 | Received a gift from Trog
  6116 | Shoals:2 | Noticed a kraken
  6259 | Shoals:3 | Noticed Ilsuiw
  6310 | Shoals:2 | Killed Ilsuiw
  6345 | Shoals:3 | Received a gift from Trog
  6360 | Shoals:3 | Reached skill level 15 in Armour
  6398 | Shoals:4 | Entered Level 4 of the Shoals
  6771 | Shoals:4 | Reached XP level 16. HP: 155/155 MP: 21/21
  6875 | Shoals:3 | Noticed a kraken
  6983 | Shoals:4 | Noticed a kraken
  7035 | Shoals:4 | Cast into the Abyss (merfolk aquamancer)
  7035 | Abyss:1  | Found a corrupted altar of Lugonu.
  7145 | Abyss:1  | Noticed a tentacled starspawn
  7156 | Abyss:1  | Killed a tentacled starspawn
  7216 | Abyss:1  | Noticed a tentacled starspawn
  7225 | Abyss:1  | Killed a tentacled starspawn
  7259 | Abyss:1  | Noticed a tentacled monstrosity
  7261 | Abyss:1  | Got a transparent emerald amulet
  7278 | Abyss:1  | Killed a tentacled monstrosity
  7287 | Abyss:1  | Identified the amulet of Ydakaul {Ward rC- rN+ MR++ Dex+6} (You found it on level 1 of the Abyss)
  7303 | Abyss:1  | Noticed a tentacled starspawn
  7313 | Abyss:1  | Killed a tentacled starspawn
  7425 | Abyss:1  | Gained mutation: You expend magic power (3 MP) to strengthen your wands. [a neqoxec]
  7494 | Abyss:1  | Noticed a tentacled starspawn
  7503 | Abyss:1  | Killed a tentacled starspawn
  7620 | Abyss:1  | Noticed a tentacled starspawn
  7631 | Abyss:1  | Killed a tentacled starspawn
  7840 | Abyss:1  | Reached skill level 10 in Evocations
  7876 | Abyss:1  | Noticed a lich
  7882 | Abyss:1  | Killed a lich
  7905 | Abyss:1  | Gained mutation: You occasionally shout uncontrollably at your foes. [a neqoxec]
  7906 | Abyss:1  | Gained mutation: You can spit weak poison. [a neqoxec]
  8071 | Abyss:2  | Reached XP level 17. HP: 136/168 MP: 23/23
  8117 | Abyss:2  | Gained mutation: You are weak. (Str -2) [a neqoxec]
  8236 | Abyss:3  | Paralysed by accursed screaming for 1 turns
  8340 | Abyss:3  | Noticed a hellephant
  8340 | Abyss:3  | Noticed a hellephant
  8363 | Abyss:3  | Noticed a hellephant
  8372 | Abyss:3  | Got an abyssal rune of Zot
  8458 | Shoals:4 | Escaped the Abyss
  8479 | Shoals:4 | Killed a kraken
  8499 | Shoals:4 | Got a barnacled rune of Zot
  8778 | D:12     | Received a gift from Trog
  8820 | D:12     | ROTFL
  8938 | D:12     | TROTFL
  8996 | D:15     | Entered Level 15 of the Dungeon
  9096 | D:15     | Found a glowing golden altar of the Shining One.
  9104 | D:15     | Found a runed door.
  9325 | D:15     | Noticed Nessos
  9336 | D:15     | Killed Nessos
  9401 | D:15     | Reached skill level 21 in Fighting
  9439 | D:15     | Found a staircase to the Depths.
  9448 | Depths:1 | Entered Level 1 of the Depths
  9695 | Depths:3 | Received a gift from Trog
  9710 | Depths:3 | Noticed a juggernaut
  9719 | Depths:3 | HP: 7/176 [juggernaut (63)]
  9719 | Depths:3 | HP: 3/176 [storm dragon (4)]
  9834 | Depths:3 | Reached XP level 18. HP: 82/184 MP: 24/24
  9836 | Depths:3 | Killed a juggernaut
  9836 | Depths:3 | Reached skill level 22 in Fighting
 10243 | Depths:3 | Reached skill level 23 in Fighting
 10258 | Depths:3 | Noticed a caustic shrike
 10299 | Depths:2 | Found a corrupted altar of Lugonu.
 10307 | Depths:2 | Found a one-way gate to the infinite horrors of the Abyss.
 10675 | D:15     | SAD
 10793 | D:13     | Found a gate to the Vaults.
 10831 | D:13     | Got a pitted plate armour
 10837 | Vaults:1 | Entered Level 1 of the Vaults
 10882 | Vaults:1 | Identified the +13 plate armour of Gluttony {rC- rN+ Dex+4} (You found it on level 13 of the Dungeon)
 11064 | Vaults:5 | Entered Level 5 of the Vaults
 11073 | Vaults:5 | Reached XP level 19. HP: 152/198 MP: 25/25
 11079 | Vaults:4 | Reached skill level 24 in Fighting
 11288 | Vaults:5 | Noticed Jory
 11378 | Vaults:5 | Noticed a golden dragon
 11386 | Vaults:5 | Reached skill level 25 in Fighting
 11403 | Vaults:4 | Killed Jory
 11476 | Vaults:4 | Killed a golden dragon
 11695 | Vaults:5 | Reached XP level 20. HP: 167/211 MP: 26/26
 11787 | Vaults:5 | Noticed a golden dragon
 11807 | Vaults:5 | Killed a golden dragon
 11808 | Vaults:5 | Reached skill level 26 in Fighting
 11860 | Vaults:5 | Got a twitching bronze ring
 11861 | Vaults:5 | Identified the ring "Ysyasan" {Dex+3 Stlth-} (You took it off a vault warden on level 5 of the Vaults)
 11877 | Vaults:5 | Got a silver rune of Zot
 11885 | Vaults:5 | Noticed an ancient lich
 11897 | Vaults:5 | Killed an ancient lich
 12003 | Vaults:5 | Got a translucent buckler
 12004 | Vaults:5 | :)
 12004 | Vaults:5 | Identified the +1 buckler of Hide-and-Seek {rF+ rC+} (You acquired it on level 5 of the Vaults)
 12076 | Vaults:5 | Got a jewelled war axe
 12077 | Vaults:5 | Identified the cursed +1 war axe of the Mind {venom, rF+ MP-9 Dex+2} (You found it on level 5 of the Vaults)
 12173 | Vaults:5 | Identified the Tome of the Excruciating Mountains (You found it on level 5 of the Vaults)
 12219 | Vaults:5 | HP: 14/321 [frost giant/bolt of cold (33)]
 12291 | Vaults:5 | Got a pair of heavily runed boots
 12309 | Vaults:5 | Noticed a golden dragon
 12321 | Vaults:5 | HP: 10/322 [golden dragon (35)]
 12322 | Vaults:5 | Killed from afar by a deep elf high priest

Action                   |  1- 3 |  4- 6 |  7- 9 | 10-12 | 13-15 | 16-18 | 19-21 || total
-------------------------+-------+-------+-------+-------+-------+-------+-------++-------
Melee: Hand axe          |    33 |    40 |       |       |       |       |       ||    73
       War axe           |       |       |     8 |       |     8 |       |       ||    16
       Broad axe         |       |       |   134 |   108 |       |       |       ||   242
       Battleaxe         |       |       |       |   377 |   678 |  1056 |   357 ||  2468
Throw: Tomahawk          |       |    21 |       |       |       |       |       ||    21
       Throwing net      |       |       |       |       |     3 |     3 |       ||     6
Invok: Berserk           |     1 |     4 |     7 |    10 |    10 |    16 |    13 ||    61
       Trog's Hand       |       |       |     1 |    19 |    35 |    54 |    35 ||   144
       Brothers in Arms  |       |       |       |     6 |     6 |     1 |       ||    13
Evoke: Disc of storms    |       |       |       |     3 |     1 |       |       ||     4
       Wand              |       |       |       |     4 |     9 |     5 |       ||    18
       Fan of gales      |       |       |       |       |       |     1 |     1 ||     2
       Lamp of fire      |       |       |       |       |       |       |     1 ||     1
       Phial of floods   |       |       |       |       |       |       |     1 ||     1
  Use: Scroll            |     4 |     3 |     6 |     6 |    18 |    15 |     6 ||    58
       Potion            |       |       |       |     1 |     1 |     3 |     1 ||     6
 Stab: Paralysed         |       |       |       |     1 |       |       |       ||     1
       Distracted        |       |       |       |       |       |     1 |     1 ||     2
  Eat: Chunk             |       |     6 |    12 |    33 |    25 |    31 |    27 ||   134
       Fruit             |       |       |     3 |       |       |       |       ||     3
       Beef jerky        |       |       |       |       |     1 |     1 |     1 ||     3
       Pizza             |       |       |       |       |     1 |       |       ||     1
       Bread ration      |       |       |       |       |       |     2 |       ||     2
       Royal jelly       |       |       |       |       |       |     1 |       ||     1
